Map: Cactus Valley LE (Void)

Players

lIlIIlIlIIll - Winner!

  • Race: Zerg Zerg
  • League: Master
  • Spawn Location: 1:00

Railgan

  • Race: Zerg Zerg
  • League: Grandmaster
  • Spawn Location: 5:00

VOD

Have the link to the VOD?

Description

Time

  • Played on: March 23, 2017, 5:02 p.m.
  • Length: 13:25
Show
View Real Time Build Order
Export as new Build Order

lIlIIlIlIIll Zerg - Winner!

Build Orders: Hatch First 

Get SALT Encoding   

  12  0:00  Drone  
  13  0:13  Overlord  
  13  0:17  Drone  
  14  0:31  Drone x2  
  16  0:36  Drone  
  17  0:52  Hatchery  
  17  0:55  Drone  
  17  0:57  Extractor  
  17  1:00  Drone  
  17  1:15  Spawning Pool  
  17  1:18  Drone  
  17  1:22  Drone  
  18  1:28  Drone  
  19  1:39  Overlord  
  19  2:01  Queen  
  19  2:02  Metabolic Boost  
  19  2:04  Queen  
  19  2:05  Zergling x2  
  19  2:07  Zergling x2  
  25  2:11  Zergling x2  
  27  2:15  Zergling x2  
  27  2:21  Baneling Nest  
  26  2:24  Zergling x2  
  26  2:28  Zergling x2  
  28  2:34  Zergling x4  
  30  2:38  Zergling x2  
  30  2:43  Overlord  
  31  2:49  Zergling x2  
  32  2:56  Zergling x2  
  33  3:03  Zergling x2  
  34  3:05  Baneling  
  34  3:06  Baneling x2  
  34  3:08  Zergling x4  
  34  3:12  Zergling x4  
  38  3:17  Zergling x2  
  39  3:25  Drone x2  
  40  3:30  Drone x2  
  40  3:33  Drone  
  43  3:35  Baneling  
  42  3:44  Baneling x2  
  41  3:48  Overlord  
  41  3:51  Drone  
  41  3:52  Drone  
  41  4:01  Drone x2  
  37  4:05  Drone x2  
  37  4:08  Drone  
  38  4:11  Drone  
  38  4:12  Drone x2  
  41  4:17  Overlord  
  41  4:23  Zergling x2  
  40  4:29  Spine Crawler  
  39  4:35  Roach Warren  
  39  4:38  Zergling x6  
  39  4:43  Spine Crawler  
  39  4:44  Drone x2  
  40  4:59  Drone x2  
  42  5:01  Drone  
  44  5:13  Overlord  
  44  5:15  Evolution Chamber  
  44  5:16  Roach x5  
  44  5:18  Extractor  
  44  5:19  Extractor  
  44  5:20  Hatchery  
  50  5:26  Overlord  
  50  5:27  Drone x2  
  54  5:28  Roach  
  54  5:33  Roach  
  56  5:38  Drone x4  
  56  5:42  Drone  
  61  5:47  Overlord  
  61  5:48  Drone x2  
  62  5:51  Drone  
  62  5:55  Zerg Missile Weapons Level 1  
  63  6:00  Extractor, Drone  
  63  6:01  Drone  
  64  6:04  Drone  
  64  6:06  Drone x2  
  64  6:10  Drone x3  
  69  6:16  Lair  
  69  6:23  Drone x3  
  70  6:26  Overlord  
  70  6:29  Evolution Chamber  
  70  6:31  Ravager x3  
  72  6:33  Drone x2  
  74  6:40  Roach x3  
  80  6:48  Overlord  
  80  6:49  Ravager  
  80  6:52  Roach x2  
  85  6:57  Overlord  
  85  7:02  Drone x3  
  85  7:03  Queen  
  85  7:06  Zerg Ground Armor Level 1  
  85  7:07  Overlord  
  90  7:10  Roach x2  
  94  7:21  Overlord  
  88  7:25  Drone x3  
  88  7:26  Extractor, Glial Reconstitution  
  88  7:28  Roach x3  
  96  7:34  Roach x4  
  96  7:38  Roach  
  98  7:44  Roach x3  
  98  7:48  Roach x2  
  98  7:51  Roach  
  106  7:54  Roach  
  106  7:56  Roach  
  110  8:00  Roach x2  
  110  8:03  Overlord x2  
  112  8:13  Roach  
  112  8:16  Roach x2  
  112  8:17  Roach  
  112  8:18  Roach x3  
  112  8:20  Roach  
  112  8:21  Roach  
  112  8:25  Roach x3  
  110  8:30  Overlord  
  110  8:31  Roach x3  
  110  8:38  Roach x3  
  110  8:40  Zergling x4  
  116  8:45  Roach  
  116  8:48  Roach  
  111  8:54  Roach x2  
  117  8:57  Queen  
  117  8:58  Zerg Missile Weapons Level 2  
  117  9:00  Roach  
  121  9:06  Roach  
  121  9:07  Roach x2  
  121  9:09  Roach  
  129  9:16  Roach x4  
  135  9:22  Roach  
  137  9:28  Zerg Ground Armor Level 2  
  137  9:33  Overlord x2  
  137  9:36  Overlord  
  137  9:39  Overlord x2  
  137  9:52  Roach x4  
  145  9:59  Roach  
  147  10:00  Roach x7  
  156  10:09  Roach x3  
  156  10:10  Roach x2  
  168  10:14  Roach  
  168  10:18  Roach  
  170  10:22  Overlord x2  
  170  10:31  Hatchery  
  170  10:33  Overlord  
  165  10:45  Roach  
  165  10:46  Roach x7  
  165  10:48  Roach  
  183  10:52  Roach x2  
  183  10:55  Roach x2  
  190  11:05  Ravager x2  
  178  11:12  Roach x3  
  168  11:18  Roach x2  
  168  11:19  Roach x2  
  168  11:20  Roach x3  
  168  11:22  Roach x2  
  184  11:26  Roach x2  
  184  11:32  Ravager  
  189  11:36  Roach  
  189  11:37  Roach  
  193  11:41  Overlord  
  193  11:48  Overlord  
  168  11:56  Roach x8  
  168  11:57  Roach x3  
  164  12:02  Roach x2  
  164  12:05  Roach x2  
  142  12:10  Roach x2  
  144  12:19  Roach x3  
  144  12:20  Roach  
  148  12:29  Roach x5  
  137  12:38  Roach x5  
  137  12:43  Roach x2  
  138  12:45  Roach  
  138  12:48  Roach  
  136  12:57  Roach x3  
  134  13:02  Roach  
Show
View Real Time Build Order
Export as new Build Order

Railgan Zerg 

Build Orders: Pool First, Zergling Baneling 

Get SALT Encoding   

  12  0:02  Drone  
  13  0:12  Overlord  
  13  0:18  Drone  
  14  0:30  Drone  
  14  0:31  Drone  
  14  0:34  Drone  
  17  0:45  Spawning Pool  
  17  0:49  Drone  
  17  0:57  Drone  
  18  1:12  Hatchery  
  18  1:14  Extractor  
  18  1:18  Drone  
  17  1:21  Drone  
  18  1:32  Queen  
  20  1:35  Zergling x2  
  20  1:39  Drone  
  22  1:52  Overlord  
  22  2:10  Queen  
  22  2:12  Drone x2  
  26  2:22  Drone  
  27  2:25  Queen  
  27  2:29  Overlord  
  29  2:36  Baneling Nest  
  28  2:39  Zergling x2  
  28  2:43  Zergling x6  
  31  2:45  Zergling x2  
  32  2:53  Queen  
  34  3:08  Zergling x6  
  37  3:20  Baneling x4  
  37  3:24  Roach Warren  
  32  3:27  Drone  
  31  3:43  Baneling x3, Zergling x2  
  31  3:44  Zergling x2  
  33  3:52  Baneling x2  
  33  3:53  Zergling x4  
  33  4:05  Roach  
  33  4:06  Roach x3  
  33  4:07  Drone  
  40  4:14  Overlord  
  38  4:25  Drone x3  
  38  4:27  Drone  
  42  4:38  Drone x2  
  42  4:42  Drone  
  44  4:45  Lair  
  44  5:03  Drone x4, Evolution Chamber  
  44  5:04  Drone  
  44  5:05  Evolution Chamber  
  47  5:12  Drone x2  
  48  5:15  Drone x2  
  48  5:17  Drone  
  51  5:24  Overlord  
  51  5:29  Zerg Missile Weapons Level 1, Drone  
  51  5:31  Extractor  
  51  5:32  Extractor  
  50  5:46  Drone x8  
  58  5:51  Overlord  
  58  5:53  Glial Reconstitution  
  57  6:12  Baneling x2  
  57  6:18  Spore Crawler  
  57  6:25  Roach  
  59  6:26  Hatchery, Roach x4  
  59  6:27  Overlord  
  59  6:30  Overlord  
  66  6:37  Overlord  
  66  6:44  Roach  
  66  6:45  Overlord  
  68  6:47  Roach x3  
  74  6:55  Roach  
  76  7:02  Roach x5  
  76  7:05  Roach  
  76  7:08  Roach  
  90  7:13  Roach  
  90  7:14  Roach  
  94  7:21  Roach  
  91  7:24  Roach  
  91  7:26  Roach  
  91  7:27  Roach x2  
  91  7:28  Overlord  
  95  7:40  Roach  
  95  7:41  Drone, Roach x3  
  95  7:43  Roach  
  98  7:49  Ravager  
  101  7:51  Roach x2  
  101  7:54  Drone  
  101  7:56  Drone  
  101  7:57  Drone  
  106  8:02  Overlord  
  104  8:19  Drone  
  93  8:20  Zerg Missile Weapons Level 2  
  93  8:23  Drone  
  88  8:28  Drone  
  88  8:30  Drone  
  88  8:31  Drone x3  
  91  8:36  Roach  
  91  8:39  Drone x8  
  101  8:41  Extractor x2  
  101  8:43  Overlord  
  101  8:48  Overlord  
  95  8:53  Roach x5  
  105  8:56  Extractor  
  105  9:00  Zerg Ground Armor Level 1  
  105  9:02  Roach  
  104  9:06  Ravager x3  
  107  9:17  Ravager  
  107  9:18  Ravager  
  107  9:21  Ravager  
  107  9:22  Roach x2  
  107  9:23  Overlord  
  113  9:24  Drone  
  113  9:30  Roach  
  113  9:31  Roach x4  
  122  9:33  Roach  
  122  9:36  Overlord  
  126  9:42  Hatchery  
  126  9:45  Roach x4  
  133  9:52  Roach x3  
  134  9:55  Roach x2  
  134  10:01  Roach x2  
  134  10:03  Overseer  
  134  10:08  Roach  
  134  10:09  Roach x2  
  134  10:14  Spire  
  134  10:15  Roach  
  135  10:30  Roach  
  135  10:31  Overlord  
  139  10:35  Roach  
  139  10:36  Roach x3  
  139  10:40  Overlord  
  137  10:44  Roach x3  
  137  10:45  Roach x2  
  137  10:46  Overlord  
  145  10:53  Overlord  
  145  10:55  Roach x3  
  145  10:56  Ravager  
  152  10:58  Ravager  
  152  10:59  Roach  
  152  11:00  Roach  
  152  11:04  Roach x2  
  159  11:10  Roach  
  149  11:12  Roach x3  
  149  11:16  Roach  
  146  11:22  Roach  
  146  11:23  Roach  
  146  11:24  Roach x2  
  154  11:27  Roach x2  
  158  11:34  Overlord  
  158  11:44  Mutalisk x5  
  168  11:53  Roach x4  
  162  11:56  Roach  
  162  12:01  Roach x2  
  140  12:03  Roach  
  126  12:13  Roach x5  
  126  12:20  Roach x3  
  130  12:29  Roach  
  117  12:30  Roach x3  
  117  12:31  Roach  
  116  12:39  Roach  
  116  12:40  Roach x3  
  116  12:43  Roach  
  107  12:46  Roach  
  107  12:48  Roach  
  107  12:50  Roach  
  103  12:55  Roach  
  103  12:56  Roach  
Tags
 
Add a new tag
Caveats
  • Supply blocks, unpowered buildings, or Contaminate may cause inaccurate times.
  • Supply counts are checked every 10 seconds.